 Dungeon Crawl Stone Soup version 0.32-a0-779-g362cfcae2a (webtiles) character file.

Game seed: 4003259624732160647

448 Aldia the Chopper (level 6, -15/52 HPs)
             Began as a Mountain Dwarf Reaver on Mar 19, 2024.
             Demolished by an ogre
             ... wielding a +0 giant club
              (33 damage)
             ... on level 4 of the Dungeon.
             The game lasted 00:05:06 (2715 turns).

Aldia the Chopper (Mountain Dwarf Reaver)           Turns: 2715, Time: 00:05:07

Health: -15/52     AC: 11    Str: 16    XL:     6   Next: 73%
Magic:  8/8        EV:  4    Int: 14    God:
Gold:   140        SH:  0    Dex:  8    Spells: 7/8 levels left

rFire   . . .        o - +1 hand axe (flame)
rCold   + . .        (no shield)
rNeg    . . .        q - +0 plate armour
rPois   .            (no helmet)
rElec   .            e - scarf {repulsion}
rCorr   .            (no gloves)
SInv    +            (no boots)
Will    .....        (no amulet) Stlth
                     m - ring of see invisible
HPRegen 0.28/turn    n - ring of protection from cold
MPRegen 0.11/turn

%: repel missiles
@: no status effects
A: runic magic, artefact enchanting
a: no special abilities


You were on level 4 of the Dungeon.
You visited 1 branch of the dungeon, and saw 4 of its levels.

You collected 140 gold pieces.

Inventory:

Hand Weapons
 o - a +1 hand axe of flaming (weapon)
Armour
 d - a +0 chain mail
 e - a scarf of repulsion (worn)
 q - a +0 plate armour (worn)
Jewellery
 m - a ring of see invisible (left hand)
 n - a ring of protection from cold (right hand)
Scrolls
 a - 2 scrolls of poison {unknown}
 f - a scroll of fear
 g - a scroll of teleportation {unknown}
 k - a scroll of vulnerability {unknown}
 l - a scroll of torment {unknown}
Potions
 b - 3 potions of invisibility {unknown}
 c - a potion of brilliance {unknown}
 h - 4 potions of enlightenment
 i - 4 potions of lignification {unknown}
 j - 2 potions of cancellation {unknown}
 p - 2 potions of degeneration {unknown}
 r - a potion of haste {unknown}


   Skills:
 + Level 4.0 Fighting
 * Level 6.7 Axes
 + Level 3.1 Armour
 - Level 1.3 Dodging
 - Level 1.7 Spellcasting
 - Level 2.6 Conjurations
 + Level 2.8 Necromancy


You had 7 spell levels left.
You knew the following spells:

 Your Spells              Type           Power      Damage    Failure   Level
a - Kiss of Death         Conj/Necr      32%        2d7       22%         1

Your spell library contained the following spells:

 Spells                   Type           Power      Damage    Failure   Level
 Shock                    Conj/Air       16%        1d4       36%         1
 Momentum Strike          Conj/Tloc      8%         3d8       52%         2
 Hailstorm                Conj/Ice       4%         3d5       75%         3
 Swiftness                Air            1%         N/A       90%         3
 Airstrike                Air            0%         2d(1-17)  100%        4


Dungeon Overview and Level Annotations

Branches:
Dungeon (4/15)
 Temple: D:4-7

Altars:


Innate Abilities, Weirdness & Mutations

Your spellcasting is much less encumbered by armour.
You can use scrolls of enchantment on lesser artefacts.


Message History

The quokka is severely wounded.
The quokka bites you but does no damage.
You hit the quokka. You burn the quokka.
You kill the quokka!
No target in view!
No target in view!
Found a stone staircase leading down.
A dart slug comes into view.
A dart slug is nearby!
A dart slug is nearby!
A dart slug is nearby!
The dart slug launches a dart at you.
The slug dart hits you but does no damage.
An ogre comes into view. It is wielding a +0 giant club.
Found 20 gold pieces.
The dart slug bites you but does no damage.
You slash the dart slug! You burn the dart slug.
You kill the dart slug!
You closely miss the ogre. The ogre hits you but does no damage.
You hit the ogre. You burn the ogre.
The ogre is lightly wounded.
The ogre hits you with a +0 giant club.
You slash the ogre! You burn the ogre.
The ogre is heavily wounded.
You hit the ogre but do no damage.
The ogre is heavily wounded.
The ogre hits you with a +0 giant club!!
Ouch! That really hurt!
You are too injured to fight recklessly!
You are too injured to fight recklessly!
You hit the ogre. You burn the ogre.
The ogre is severely wounded.
You barely miss the ogre.
The ogre is severely wounded.
The ogre barely misses you.
You hit the ogre. You burn the ogre.
The ogre is almost dead.
The ogre hits you with a +0 giant club!!
Ouch! That really hurt!
You die...

###...## ..
##...## ##>..##
##...##...
##.......#
##.......##
###.......##
.####.........#
.......@.......#
.......O.......#
..........###...#
........### #...
........# #.
$.......#
........#
........#


You could see an ogre.

Vanquished Creatures
  Sigmund (D:4)
  A black bear (D:4)
  A hound (D:3)
  An iguana (D:4)
  4 gnolls (D:3)
  2 adders (D:2)
  3 dart slugs
  2 ribbon worms
  4 orcs
  7 ball pythons
  4 endoplasms
  A giant cockroach (D:3)
  4 goblins
  7 hobgoblins
  6 quokkas
  6 bats
  A frilled lizard (D:1)
  6 kobolds
  4 rats (D:1)
65 creatures vanquished.

Notes
Turn   | Place    | Note
-------+----------+-------------------------------------------
     0 | D:1      | Aldia the Mountain Dwarf Reaver began the quest for the
                  | Orb.
     0 | D:1      | Reached XP level 1. HP: 17/17 MP: 3/3
   136 | D:1      | Reached skill level 4 in Axes
   183 | D:1      | You fall into a shaft and drop 1 floor!
   231 | D:1      | Reached XP level 2. HP: 24/24 MP: 4/4
   925 | D:2      | Reached XP level 3. HP: 30/30 MP: 5/5
   939 | D:2      | Reached skill level 1 in Armour
   960 | D:2      | Reached skill level 1 in Necromancy
  1582 | D:3      | Reached skill level 5 in Axes
  1582 | D:3      | Reached XP level 4. HP: 37/37 MP: 6/6
  1999 | D:3      | Reached XP level 5. HP: 44/45 MP: 7/7
  2339 | D:4      | Noticed Sigmund
  2358 | D:4      | Killed Sigmund
  2359 | D:4      | Reached skill level 6 in Axes
  2359 | D:4      | Reached XP level 6. HP: 29/52 MP: 8/8
  2715 | D:4      | Demolished by an ogre

Illustrated notes

Levels and vault maps discovered:
D:1:      matt_arrival_spirals, layout_loops_ring
D:2:      layout_basic
D:3:      layout_rooms, nicolae_concentric_dashed_squares_wild, st_stairs_13,
          supply_closet_lemuel
D:4:      layout_layer_cave, jmf_multi_god_temple2, elyvilon_altar_1,
          minmay_temple_entry_mist, uniq_duvessa, uniq_sigmund

Skill      XL: |  1  2  3  4  5  6 |
---------------+-------------------+-----
Axes           | 4 5 6 |  6.7
Armour         | 1 2 3 |  3.1
Necromancy     | 1 2 |  2.8
Fighting       | 3 4 |  4.0
Dodging        | |  1.3
Spellcasting   | |  1.7
Conjurations   | |  2.6

Action                     |  1- 3 |  4- 6 || total
---------------------------+-------+-------++-------
  Melee: Hand axe          |   144 |   101 ||   245
   Cast: Kiss of Death     |       |     1 ||     1
    Use: Scroll            |       |     1 ||     1
         Potion            |       |     1 ||     1
 Armour: Leather armour    |    12 |       ||    12
         Chain mail        |   108 |    35 ||   143
         Plate armour      |       |    45 ||    45
  Dodge: Dodged            |    73 |    28 ||   101
         Repelled          |     1 |     1 ||     2

Table legend: (Time is in decaauts)
 A = Elapsed time spent in this place.
 B = Non-inter-level travel time spent in this place.
 C = Inter-level travel time spent in this place.
 D = Time resting spent in this place.
 E = Time spent auto-exploring this place.
 F = Levels seen in this place.
 G = Mean time per level.
                   A        B        C        D        E       F      G
               +--------+--------+--------+--------+--------+-----+--------+
         Total |   2726 |   2588 |    138 |      0 |   2032 |   4 |  681.5 |
       Dungeon |   2726 |   2588 |    138 |      0 |   2032 |   4 |  681.5 |
               +--------+--------+--------+--------+--------+-----+--------+

Top non-repeatable levels by time:
     D:1: 798 daAuts
     D:2: 742 daAuts
     D:3: 739 daAuts
     D:4: 446 daAuts
